 Dungeon Crawl Stone Soup version 0.24.0-123-gd5b16e6ec5 (webtiles) character file.

Game seed: 16141970511497525383, levelgen mode: deterministic

405 Destapler the Poker (level 6, -3/47 HPs)
             Began as a Merfolk Skald on Jan 4, 2020.
             Slain by a gnoll
             ... wielding a +0 halberd
              (11 damage)
             ... on level 4 of the Dungeon.
             The game lasted 00:19:58 (4002 turns).

Destapler the Poker (Merfolk Skald)                 Turns: 4002, Time: 00:19:59

Health: -3/47      AC:  5    Str: 12    XL:     6   Next: 87%
Magic:  10/10      EV: 12    Int: 14    God:
Gold:   196        SH:  0    Dex: 13    Spells: 7/11 levels left

rFire    . . .     SeeInvis .   a - +1 spear
rCold    . . .     Gourm    .   (no shield)
rNeg     . . .     Faith    .   b - +1 leather armour
rPois    +         Spirit   .   (no helmet)
rElec    .         Reflect  .   (no cloak)
rCorr    .         Harm     .   (no gloves)
MR       .....                  l - +0 pair of boots (curse)
Stlth    ++........             (no amulet)
HPRegen  0.15/turn              q - ring of poison resistance
MPRegen  0.12/turn              (no ring)

@: starving
A: change form in water, swift swim, stealthy swim
a: no special abilities


You were on level 4 of the Dungeon.
You were starving.

You visited 1 branch of the dungeon, and saw 4 of its levels.

You collected 196 gold pieces.

Inventory:

Hand Weapons
 a - a +1 spear (weapon)
 j - a +0 dagger of electrocution
Missiles
 c - 11 poisoned darts (quivered)
 f - 3 curare-tipped darts
 k - 46 stones
 r - 3 javelins
Armour
 b - a +1 leather armour (worn)
 l - a cursed +0 pair of boots (worn)
Jewellery
 q - a ring of poison resistance (left hand)
Scrolls
 g - a scroll of identify
 i - a scroll of fear
 o - a scroll of teleportation
 t - a scroll of blinking {unknown}
 u - 3 scrolls of amnesia {unknown}
Potions
 e - a potion of invisibility
 h - 2 potions of might
 m - a potion of mutation
 n - a potion of brilliance
 p - a potion of cancellation
 s - a potion of heal wounds {unknown}
Comestibles
 d - 6 rations
 v - 2 chunks of flesh


   Skills:
 - Level 3.1 Fighting
 + Level 5.2 Polearms
 - Level 1.0 Armour
 - Level 3.0 Dodging
 - Level 3.0 Stealth
 - Level 3.0 Spellcasting
 + Level 2.4 Hexes
 + Level 4.5 Charms


You had 7 spell levels left.
You knew the following spells:

 Your Spells              Type           Power        Failure   Level  Hunger
a - Infusion              Chrm           ##..         4%          1    #......
b - Spectral Weapon       Hex/Chrm       ##......     21%         3    ###....

Your spell library contained the following spells:

 Spells                   Type           Power        Failure   Level  Hunger
 Song of Slaying          Chrm           ##......     6%          2    ##.....
 Shroud of Golubria       Chrm/Tloc      #.....       16%         2    ##.....
 Regeneration             Chrm/Necr      #.........   32%         3    ###....


Dungeon Overview and Level Annotations

Branches:
Dungeon (4/15)
 Temple: D:4-7

Altars:
Okawaru
Vehumet


Message History

Press: ? - help, Dir - move target cursor, f/p - gnoll
Aim: a gnoll, wielding a +0 halberd (heavily wounded)
You could not reach far enough!
The gnoll hits you from afar with a +0 halberd!
* * * LOW HITPOINT WARNING * * *
The gnoll hits your spectral weapon with a +0 halberd!
Your spectral weapon shares its damage with you!
Your spectral weapon fades away.
* * * LOW HITPOINT WARNING * * *
Throwing (i - inventory. (/) - cycle)
c - 12 poisoned darts (quivered)
Press: ? - help, Shift-Dir - straight line, f/p - gnoll
Aim: a gnoll, wielding a +0 halberd (heavily wounded)
You throw a poisoned dart. The poisoned dart hits the gnoll.
The gnoll is poisoned.
The gnoll is heavily wounded.
The gnoll misses you.
You are starving!
There is a stone staircase leading up here.
The gnoll hits you from afar with a +0 halberd!
You die...

#########...##+##.##....#
###...##.##.###'###
#.................#
#...........g.....# .
#.................# #
######....########....#
###...##....##....##....#
#...........#..........#
#...........#..@.g.....#
#...........#..........#
###..###+#####....###...#
.##..## #....# ####
......# ....... ......#
#........ ......#
#........ ......#
#........# .##..##


You could see a gnoll.

Vanquished Creatures
  A sky beast (D:3)
  An ogre (D:3)
  A bullfrog (D:3)
  An orc wizard (D:3)
  Robin (D:2)
  3 gnolls (D:4)
  2 oozes
  A worm (D:3)
  4 leopard geckos
  9 orcs (D:3)
  6 giant cockroaches
  14 goblins
  8 hobgoblins
  A quokka (D:3)
  A ball python (D:2)
  10 bats
  3 frilled lizards
  5 kobolds
  11 rats
83 creatures vanquished.

Vanquished Creatures (others)
  5 spectral weapons
5 creatures vanquished.

Grand Total: 88 creatures vanquished

Notes
Turn   | Place    | Note
-------+----------+-------------------------------------------
     0 | D:1      | Destapler the Merfolk Skald began the quest for the Orb.
     0 | D:1      | Reached XP level 1. HP: 16/16 MP: 3/3
   157 | D:1      | Reached XP level 2. HP: 22/22 MP: 0/5
   621 | D:1      | Reached XP level 3. HP: 24/28 MP: 0/6
   626 | D:1      | Learned a level 3 spell: Spectral Weapon
   641 | D:1      | Reached skill level 1 in Armour
   817 | D:2      | Noticed Robin
   827 | D:2      | Reached skill level 1 in Stealth
   834 | D:2      | Killed Robin
  1175 | D:1      | Reached XP level 4. HP: 18/34 MP: 3/7
  1783 | D:2      | Found an iron altar of Okawaru.
  2146 | D:3      | Reached skill level 1 in Hexes
  2305 | D:3      | Noticed a sky beast
  2390 | D:3      | Noticed a bullfrog
  2400 | D:3      | Killed a bullfrog
  2400 | D:3      | Reached skill level 4 in Polearms
  2400 | D:3      | Reached XP level 5. HP: 35/41 MP: 1/9
  2404 | D:3      | Noticed an ogre
  2445 | D:3      | HP: 1/41 [something/magic dart (7)]
  3275 | D:3      | Killed an ogre
  3275 | D:3      | Reached XP level 6. HP: 35/47 MP: 2/10
  3392 | D:3      | Killed a sky beast
  3392 | D:3      | Reached skill level 5 in Polearms
  3826 | D:4      | Found a radiant altar of Vehumet.
  3963 | D:4      | HP: 2/47 [gnoll/+0 halberd (4)]
  4002 | D:4      | Slain by a gnoll

Levels and vault maps discovered:
D:1:      psy_arrival_dodecagon, layout_rooms, columned_hall_lemuel,
          minivault_19, minmay_misc_feat_square
D:2:      layout_loops_ring, overflow_temple_1_default, uniq_robin
D:3:      layout_basic, minmay_close_crescents
D:4:      layout_gridville, lemuel_doored_altar, first_ration

Skill      XL: |  1  2  3  4  5  6 |
---------------+-------------------+-----
Dodging        | 3 |  3.0
Armour         | 1 |  1.0
Stealth        | 1 2 3 |  3.0
Hexes          | 1 2 |  2.4
Fighting       | 3 |  3.1
Polearms       | 4 5 |  5.2
Spellcasting   | 3 |  3.0
Charms         | 4 |  4.5

Action                   |  1- 3 |  4- 6 || total
-------------------------+-------+-------++-------
Melee: Spear             |   101 |   217 ||   318
Throw: Dart              |     1 |     1 ||     2
 Cast: Infusion          |     4 |     3 ||     7
       Spectral Weapon   |     5 |     9 ||    14
  Use: Potion            |       |     1 ||     1
       Scroll            |       |     9 ||     9
 Stab: Distracted        |     1 |     2 ||     3
       Sleeping          |       |     2 ||     2
  Eat: Chunk             |     1 |     9 ||    10
Armor: Leather armour    |    16 |    40 ||    56
Dodge: Dodged            |    45 |    91 ||   136
